 Dungeon Crawl Stone Soup version 0.29.1-1-gd02db6906a (webtiles) character file.

Game seed: 6296047098688270358

109 Ijustatesigmund the Trooper (level 4, 0/45 HPs)
             Began as a Gargoyle Fighter on Sept 22, 2022.
             Slain by a kobold brigand
             ... wielding a +0 short sword
              (2 damage)
             ... on level 6 of the Dungeon.
             The game lasted 00:05:43 (2903 turns).

Ijustatesigmund the Trooper (Gargoyle Fighter)      Turns: 2903, Time: 00:05:44

Health: 0/45       AC: 15    Str: 21    XL:     4   Next: 89%
Magic:  4/4        EV:  7    Int:  9    God:
Gold:   33         SH:  4    Dex:  9    Spells: 3/3 levels left

rFire   + . .      SeeInvis .   a - +0 flail
rCold   . . .      Faith    .   c - +0 buckler
rNeg    + . .      Spirit   .   b - +0 chain mail
rPois   ∞          Reflect  .   (no helmet)
rElec   +          Harm     .   (no cloak)
rCorr   .          Rampage  .   e - +0 pair of gloves
Will    .....                   i - +0 pair of boots
Stlth   ..........              (no amulet)
HPRegen 0.15/turn               g - ring of protection from fire
MPRegen 0.09/turn               (no ring)

@: berserking (expiring), very quick
A: sickness immunity, AC +3, negative energy resistance 1, electricity
resistance, torment resistance 1, petrification resistance
a: no special abilities


You were on level 6 of the Dungeon.
You visited 1 branch of the dungeon, and saw 4 of its levels.

You collected 105 gold pieces.
You spent 72 gold pieces at shops.

Inventory:

Hand Weapons
 a - a +0 flail (weapon)
Armour
 b - a +0 chain mail (worn)
 c - a +0 buckler (worn)
 e - a +0 pair of gloves (worn)
 i - a +0 pair of boots (worn)
Jewellery
 g - a ring of protection from fire (left hand)
Scrolls
 f - a scroll of amnesia
 h - a scroll of fog
 n - a scroll of magic mapping
 o - 3 scrolls of teleportation
Potions
 d - a potion of might
 m - a potion of flight {unknown}


   Skills:
 + Level 4.6 Fighting
 + Level 3.5 Maces & Flails
 + Level 3.7 Armour
 - Level 3.2 Shields


You had 3 spell levels left.
You didn't know any spells.
Your spell library contained the following spells:

 Spells                   Type           Power      Damage    Failure   Level
 Magic Dart               Conj           0%         1d3       99%         1
 Call Imp                 Summ           0%         N/A       100%        2
 Mephitic Cloud           Conj/Pois/Air  0%         N/A       100%        3
 Summon Ice Beast         Ice/Summ       0%         N/A       100%        4
 Summon Mana Viper        Hex/Summ       0%         N/A       100%        5
 Monstrous Menagerie      Summ           0%         N/A       100%        7


Dungeon Overview and Level Annotations

Branches:
Dungeon (3/15)             Temple (0/1) D:6

Altars:

Shops:
D:2 :=:*   D:6 =[

Annotations:
D:2 Jessica


Innate Abilities, Weirdness & Mutations

You are immune to sickness and miasma.
Your stone body is resilient. (AC +3)
You are immune to poison.
You resist negative energy. (rN+)
You are resistant to electric shocks. (rElec)
You are resistant to unholy torment.
You are immune to petrification.


Message History

* * * LOW HITPOINT WARNING * * *
Okay, then.
Okay, then.
It was a potion of curing.
You feel better.
The iguana bites you but does no damage.
A red film seems to cover your vision as you go berserk!
You feel yourself moving faster!
You feel mighty! The iguana bites you.
* * * LOW HITPOINT WARNING * * *
You sock the iguana!
The iguana is heavily wounded.
The iguana bites you but does no damage.
You closely miss the iguana.
The iguana is heavily wounded.
You hit the iguana.
The iguana is severely wounded.
You block the iguana's attack.
You barely miss the iguana.
The iguana is severely wounded.
You block the iguana's attack.
A kobold brigand comes into view.
It is wielding a +0 short sword and quivering poisoned darts.
The kobold brigand shouts!
You hit the iguana.
The iguana is almost dead.
The iguana bites you but does no damage.
You sock the iguana!
You kill the iguana!
The kobold brigand hits you with a +0 short sword!
* * * LOW HITPOINT WARNING * * *
You sock the kobold brigand!
The kobold brigand is heavily wounded.
The kobold hits you but does no damage.
The kobold brigand hits you with a +0 short sword.
* * * LOW HITPOINT WARNING * * *
You closely miss the kobold brigand.
The kobold brigand is heavily wounded.
You closely miss the kobold brigand.
The kobold brigand is heavily wounded.
You block the kobold's attack.
The kobold brigand hits you with a +0 short sword.
You die...

###.####.###.# # #.#
#.# #.#.# #.# #.# #.#.#
######.####.###)#.###
#............##.....###
#.####.####.......l...#
#.# #.###.#.#.#. #.#
#.# #K# #.# ... #@# #..
..#...K# #####...##..
##.###[## .. #.# ## #.#
#.# ## #.# .#


You could see a kobold brigand and a kobold.

Vanquished Creatures
  An iguana (D:6)
  3 adders
  2 worms (D:2)
  A dart slug (D:2)
  An orc (D:6)
  6 bats
  2 endoplasms (D:1)
  A giant cockroach (D:1)
  4 goblins
  8 hobgoblins
  4 quokkas
  6 ball pythons
  A frilled lizard (D:1)
  A kobold (D:6)
  3 rats
44 creatures vanquished.

Notes
Turn   | Place    | Note
-------+----------+-------------------------------------------
     0 | D:1      | Ijustatesigmund the Gargoyle Fighter began the quest for
                  | the Orb.
     0 | D:1      | Reached XP level 1. HP: 14/14 MP: 1/1
   192 | D:1      | Reached XP level 2. HP: 14/19 MP: 2/2
   887 | D:1      | Found a faded altar of an unknown god.
  1437 | D:2      | Reached XP level 3. HP: 24/24 MP: 3/3
  1458 | D:2      | Reached skill level 4 in Fighting
  1564 | D:2      | Found Beliojaa's Jewellery Shop.
  1956 | D:2      | Found Tasito's Book Boutique.
  1983 | D:2      | Reached XP level 4. HP: 22/30 MP: 4/4
  1989 | D:2      | Noticed Jessica
  2477 | D:2      | Found Qeyxoph's Assorted Antiques.
  2488 | D:2      | Bought a scroll labelled OGOEDE ZOLUEXO for 24 gold pieces
  2488 | D:2      | Bought a scroll labelled FEURETUUHY for 24 gold pieces
  2488 | D:2      | Bought a scroll labelled SYQUAT QAVYN for 24 gold pieces
  2505 | D:2      | Found Zokhlaowi's Book Emporium.
  2784 | D:3      | You fall into a shaft and drop 3 floors!
  2785 | D:6      | Found a staircase to the Ecumenical Temple.
  2830 | D:6      | Found Ofucoej's Jewellery Shoppe.
  2856 | D:6      | Found Maurazxin's Armour Shop.
  2898 | D:6      | Noticed a kobold brigand
  2901 | D:6      | HP: 2/45 [kobold brigand/+0 short sword (4)]
  2903 | D:6      | Slain by a kobold brigand

Illustrated notes

Levels and vault maps discovered:
D:1:      dpeg_arrival_lava_temple_mockup, layout_basic,
          nicolae_ecumenical_snake_handling
D:2:      wander_river, layout_loops_ring, serial_shops,
          nicolae_shop_waterfront, nicolae_shop_stone, nicolae_square_shop,
          nicolae_shop_hallway_plus, grunt_ministairs_1, minmay_tromino_v4_c,
          uniq_jessica
D:3:      layout_basic, hangedman_decor_growths, grunt_decor_one_mirror,
          uniq_robin, uniq_grinder
D:6:      layout_loops_ring, minmay_temple_entry_grid, serial_shops, shop,
          nicolae_shop_waterfront, nicolae_shop_competitors_out_of_business,
          nicolae_diamond_shop, glass_columns_b

Skill      XL: |  1  2  3 |
---------------+----------+-----
Fighting       | 4 |  4.6
Maces & Flails | 3 |  3.5
Armour         | |  3.7
Shields        | |  3.2

Action                   |  1- 3 |  4- 6 || total
-------------------------+-------+-------++-------
Melee: Flail             |   122 |    65 ||   187
  Use: Scroll            |       |     7 ||     7
       Potion            |       |     2 ||     2
Armor: Scale mail        |    82 |       ||    82
       Chain mail        |     2 |    36 ||    38
Dodge: Dodged            |    56 |    25 ||    81
Block: Buckler           |    38 |    15 ||    53
